 Dungeon Crawl Stone Soup version 0.27-a0-13-g87abb2d9eb (webtiles) character file.

Game seed: 16471575038172608370

20843 Mesmaeker13 the Reanimator (level 12, -38/74 HPs)
             Began as a Mummy Necromancer on Jan 1, 2021.
             Was an Elder of Nemelex Xobeh.
             Annihilated by Rupert
             ... wielding a +2 great sword of holy wrath
              (61 damage)
             ... on level 3 of the Lair of Beasts on Jan 2, 2021.
             The game lasted 00:51:40 (24327 turns).

Mesmaeker13 the Reanimator (Mummy Necromancer)     Turns: 24327, Time: 00:51:40

Health: -38/74     AC: 10    Str:  7    XL:     12   Next: 48%
Magic:  40/44      EV: 18    Int: 19    God:    Nemelex Xobeh [****..]
Gold:   441        SH: 10    Dex: 15    Spells: 15/32 levels left

rFire    + + .     SeeInvis .   l - +4 morningstar
rCold    + + .     Faith    .   h - +0 buckler
rNeg     + + +     Spirit   .   A - +1 robe "Zirau" {+Fly rF++ MP+9 Str-2}
rPois    ∞         Reflect  +   q - +2 hat
rElec    .         Harm     .   t - scarf {shadows}
rCorr    .         Rampage  .   C - +2 pair of gloves of Qaevyox {rPois Stlth+}
Will     +....                  i - +1 pair of boots
Stlth    +++.......             o - amulet of reflection
HPRegen  0.22/turn              B - ring of Qudeod {rF+ rC+ Str-2 Dex+2}
MPRegen  0.29/turn              c - ring of magical power

@: studying Stealth
A: no potions, fire vulnerability, cold resistance 1, negative energy resistance
3, torment resistance, unbreathing
a: Renounce Religion, Evoke Flight, Draw Escape, Draw Destruction, Draw
Summoning, Triple Draw, Deal Four


You were on level 3 of the Lair of Beasts.
You worshipped Nemelex Xobeh.
Nemelex Xobeh was greatly pleased with you.
You visited 3 branches of the dungeon, and saw 15 of its levels.
You also visited: Ossuary.

You collected 874 gold pieces.
You spent 433 gold pieces at shops.

Inventory:

Hand Weapons
 e - a +1 vorpal mace
 g - a +0 dagger of venom
 l - a +4 morningstar (weapon)
Missiles
 b - 19 javelins
 j - 106 poisoned darts (quivered)
Armour
 h - a +0 buckler (worn)
 i - a +1 pair of boots (worn)
 q - a +2 hat (worn)
 t - a scarf of shadows (worn)
 A - the +1 robe "Zirau" (worn) {+Fly rF++ MP+9 Str-2}
   (You bought it in a shop on level 9 of the Dungeon)

   It affects your strength (-2).
   It greatly protects you from fire.
   It affects your magic capacity (+9).
   It lets you fly.
 C - the +2 pair of gloves of Qaevyox (worn) {rPois Stlth+}
   (You bought it in a shop on level 11 of the Dungeon)

   It protects you from poison.
   It makes you more stealthy.
Magical Staves
 y - an uncursed staff of cold
Jewellery
 c - a ring of magical power (right hand)
 f - an uncursed amulet of regeneration {unknown}
 o - an amulet of reflection (around neck)
 u - an uncursed amulet of the acrobat
 v - an uncursed ring of ice
 B - the ring of Qudeod (left hand) {rF+ rC+ Str-2 Dex+2}
   (You acquired it on level 1 of the Lair of Beasts)

   [ring of protection from fire]

   It affects your strength (-2).
   It affects your dexterity (+2).
   It protects you from fire.
   It protects you from cold.
Scrolls
 a - 3 scrolls of blinking
 d - 6 scrolls of teleportation
 k - 10 scrolls of remove curse
 m - 2 scrolls of amnesia
 n - 4 scrolls of enchant armour {unknown}
 p - 4 scrolls of magic mapping
 r - a scroll of immolation {unknown}
 w - 2 scrolls of noise {unknown}
 x - 2 scrolls of enchant weapon
 z - 2 scrolls of fog
 D - a scroll of identify
Books
 s - a manual of Stealth


   Skills:
 - Level 8.5 Dodging
 - Level 1.5 Stealth
 - Level 4.0 Shields
 - Level 10.7 Spellcasting
 - Level 11.6 Necromancy
 + Level 3.8 Ice Magic
 + Level 9.3 Invocations


You had 15 spell levels left.
You knew the following spells:

 Your Spells              Type           Power        Failure   Level
a - Pain                  Necr           100%         1%          1
b - Vampiric Draining     Necr           13%          1%          3
c - Animate Dead          Necr           13%          1%          4
d - Agony                 Necr           27%          1%          5
e - Summon Ice Beast      Ice/Summ       8%           30%         4

Your spell library contained the following spells:

 Spells                   Type           Power        Failure   Level
 Animate Skeleton         Necr           54%          1%          1
 Summon Small Mammal      Summ           20%          7%          1
 Call Imp                 Summ           5%           11%         2
 Call Canine Familiar     Summ           5%           21%         3
 Ignite Poison            Fire/Tmut/Pois 5%           21%         3
 Summon Guardian Golem    Hex/Summ       5%           21%         3
 Summon Lightning Spire   Summ/Air       5%           56%         4
 Fireball                 Conj/Fire      2%           88%         5
 Starburst                Conj/Fire      2%           100%        6
 Ignition                 Fire           2%           100%        8


Dungeon Overview and Level Annotations

Branches:
Dungeon (11/15)            Temple (1/1) D:5            Lair (3/6) D:11
 Shoals (0/4) Lair:3          Orc (0/2) D:10        Ossuary (visited)
  Snake: Lair:2-4    Spider: Lair:2-4

Altars:
Cheibriados
Dithmenos
Elyvilon
Gozag
Hepliaklqana
Makhleb
Nemelex Xobeh
Okawaru
Qazlal
Ru
Sif Muna
Trog
Uskayaw
Vehumet
Wu Jian
Xom
Yredelemnul
Zin
The Shining One

Shops:
D:9 *   D:10 *   D:11 [

Annotations:
D:9 exclusion: 2 doors, Joseph
Lair:2 2 transporters
Lair:3 exclusion: oklob plant, Rupert


Innate Abilities, Weirdness & Mutations

You do not drink.
Your flesh is vulnerable to fire.
You are immune to poison.
Your flesh is cold resistant. (rC+)
You are immune to negative energy. (rN+++)
You are immune to unholy pain and torment.
You can survive without breathing.


Message History

Casting: Pain (safe; 1% risk of failure)
Confirm with . or Enter, or press ? or * to list all spells.
Aiming: Pain (safe; 1% risk of failure)
Press: ? - help, Shift-Dir - straight line, f/p - Rupert
Aim: Rupert, wielding a +2 great sword of holy wrath and wearing a +3 scale mail of willpower (severely wounded, berserk, covered in acid, chance to affect: 3%)
You feel a numb sensation.
Rupert resists with almost no effort.
Rupert is no longer covered in acid.
Rupert closely misses you.
Your +0 long sword hits Rupert.
Casting: Pain (safe; 1% risk of failure)
Confirm with . or Enter, or press ? or * to list all spells.
Aiming: Pain (safe; 1% risk of failure)
Press: ? - help, Shift-Dir - straight line, f/p - Rupert
Aim: Rupert, wielding a +2 great sword of holy wrath and wearing a +3 scale mail of willpower (severely wounded, berserk, chance to affect: 3%)
You feel a numb sensation.
Rupert resists with almost no effort.
Rupert hits you with a +2 great sword of holy wrath!!!
Ouch! That really hurt!
You convulse!!!
Ouch! That really hurt!
You die...
Your body disappears without a glow.

.### ### #####...........#
## #....^.....##
##..^......## #.........P#
##.........##
#..........##
##..........#
##..........##
#.#.@.......#
##..@.......# ##.(.......#
#### ### #........P##
###≈≈####.#####.......P.P#
≈≈≈≈≈≈≈≈#..##..........P.#
≈≈≈≈≈≈≈≈.(..............##
≈#####≈≈≈...............##
##...##≈≈......*.........#


You could see Rupert (berserk) and a friendly +0 long sword (summoned).

Vanquished Creatures
  Fannar (Lair:1)
  A two-headed ogre (D:8)
  Urug (D:10)
  A centaur zombie (D:10)
  A black mamba (Lair:3)
  9 cane toads
  7 komodo dragons
  3 polar bears
  Prince Ribbit (D:8)
  3 blink frogs (Lair:3)
  A snapping turtle (Lair:3)
  23 yaks
  6 wyverns
  A warg (D:10)
  A soldier ant (D:11)
  8 water moccasins
  4 black bears
  2 orc warriors (D:10)
  2 necrophages
  3 ice beasts
  3 sky beasts
  11 ogres
  A phantom (D:4)
  6 centaurs
  A big kobold (D:9)
  3 bullfrogs
  15 killer bees
  3 wights
  A howler monkey (D:7)
  2 vampire bats (Lair:3)
  3 electric eels
  6 orc priests
  5 hounds
  A human zombie (Ossuary)
  2 bullfrog skeletons
  3 centaur skeletons
  A jelly (D:10)
  4 orc wizards
  4 iguanas
  Natasha (thrice) (D:4)
  4 worker ants
  A big kobold zombie (Ossuary)
  A hound skeleton (D:5)
  2 mummies (Ossuary)
  A worker ant zombie (D:7)
  A gnoll (D:1)
  8 adders
  A shadow imp (D:8)
  A white imp (D:7)
  2 ufetubi (D:9)
  An ooze (D:4)
  2 adder zombies (Ossuary)
  5 worms
  2 dart slugs
  7 leopard geckos
  34 orcs
  A ball python (D:1)
  10 bats
  5 giant cockroaches
  7 hobgoblins
  6 jackals (D:1)
  17 kobolds
  7 quokkas
  2 frilled lizards
  8 goblins
  2 goblin zombies (Ossuary)
  12 hobgoblin zombies (Ossuary)
  2 jackal skeletons
  3 jackal zombies (Ossuary)
  8 kobold zombies (Ossuary)
  A leopard gecko skeleton (D:5)
  8 orc zombies (Ossuary)
  A quokka zombie (D:7)
  7 rats (D:1)
337 creatures vanquished.

Vanquished Creatures (collateral kills)
  Gastronok (Lair:1)
  A hydra (Lair:1)
  A black mamba (Lair:2)
  A cane toad (Lair:3)
  3 blink frogs (Lair:1)
  3 yaks (Lair:3)
  An orc wizard (D:8)
  4 orcs (D:8)
15 creatures vanquished.

Vanquished Creatures (others)
  4 fungi
  11 plants
15 creatures vanquished.

Grand Total: 367 creatures vanquished

Notes
Turn   | Place    | Note
-------+----------+-------------------------------------------
     0 | D:1      | Mesmaeker13 the Mummy Necromancer began the quest for the
                  | Orb.
     0 | D:1      | Reached XP level 1. HP: 13/13 MP: 4/4
   277 | D:1      | Reached XP level 2. HP: 19/19 MP: 3/6
   825 | D:1      | Reached XP level 3. HP: 21/24 MP: 7/7
  1763 | D:2      | Reached XP level 4. HP: 30/30 MP: 9/9
  2200 | D:3      | Noticed a sky beast
  2263 | D:3      | Reached skill level 1 in Shields
  2446 | D:4      | Noticed an ogre
  2460 | D:4      | Killed an ogre
  2461 | D:4      | Reached skill level 5 in Necromancy
  2461 | D:4      | Reached XP level 5. HP: 13/35 MP: 2/11
  2717 | D:4      | Noticed a phantom
  2773 | D:4      | Killed a phantom
  2774 | D:4      | Reached XP level 6. HP: 36/41 MP: 11/13
  2837 | D:4      | Reached skill level 5 in Spellcasting
  2967 | D:4      | Found a sand-covered staircase.
  2976 | Ossuary  | Entered an ossuary
  4017 | D:4      | Learned a level 3 spell: Vampiric Draining
  4085 | D:4      | Noticed Natasha
  4101 | D:4      | Killed Natasha
  4538 | D:4      | Noticed Natasha
  4548 | D:4      | Killed Natasha
  4814 | D:4      | Reached XP level 7. HP: 46/46 MP: 8/15
  4999 | D:4      | Noticed Natasha
  5008 | D:4      | Killed Natasha
  5383 | D:3      | Found a faded altar of an unknown god.
  5702 | D:3      | Reached skill level 6 in Necromancy
  5974 | D:5      | Entered Level 5 of the Dungeon
  6316 | D:5      | Found a shadowy altar of Dithmenos.
  6316 | D:5      | Noticed a shadow
  6320 | D:5      | Found a hazy altar of Hepliaklqana.
  6633 | D:5      | Reached XP level 8. HP: 52/52 MP: 15/18
  7004 | D:5      | Found a staircase to the Ecumenical Temple.
  7012 | Temple   | Entered the Ecumenical Temple
  7056 | Temple   | Became a worshipper of Nemelex Xobeh the Trickster
  7149 | D:5      | Reached skill level 7 in Necromancy
  7304 | D:5      | Found a sacrificial altar of Ru.
  7548 | D:6      | HP: 2/52 [hound (4)]
  8072 | D:6      | Learned a level 4 spell: Animate Dead
  8583 | D:6      | Reached skill level 1 in Invocations
  8887 | D:6      | Upgraded the game from 0.27-a0-3-gcf006a40f5 to
                  | 0.27-a0-13-g87abb2d9eb
  9064 | D:7      | Found a bloodstained altar of Trog.
  9101 | D:7      | Reached skill level 8 in Necromancy
  9448 | D:7      | Reached * piety under Nemelex Xobeh
  9502 | D:7      | Reached XP level 9. HP: 57/57 MP: 9/22
  9852 | D:7      | Received a gift from Nemelex Xobeh
 10430 | D:8      | Noticed Prince Ribbit
 10436 | D:8      | Killed Prince Ribbit
 11416 | D:8      | Noticed a two-headed ogre
 11474 | D:7      | Reached skill level 10 in Spellcasting
 11474 | D:7      | Reached skill level 9 in Necromancy
 11775 | D:8      | Found a hazy altar of Hepliaklqana.
 11918 | D:9      | Noticed Joseph
 12202 | D:9      | Found Uvisum's Assorted Antiques.
 12213 | D:9      | Bought an ominously black robe for 148 gold pieces
 12224 | D:9      | Identified the +1 robe "Zirau" {+Fly rF++ MP+9 Str-2} (You
                  | bought it in a shop on level 9 of the Dungeon)
 12397 | D:9      | Found an iron altar of Okawaru.
 12412 | D:9      | Reached ** piety under Nemelex Xobeh
 12865 | D:9      | Found an ornate altar of the Wu Jian Council.
 12908 | D:9      | Found a white marble altar of Elyvilon.
 12909 | D:9      | Found a bloodstained altar of Trog.
 12997 | D:10     | Entered Level 10 of the Dungeon
 13005 | D:10     | Found Wet Dog's General Store.
 13077 | D:10     | Received a gift from Nemelex Xobeh
 13080 | D:10     | Noticed Urug
 13420 | D:8      | Killed a two-headed ogre
 13421 | D:8      | Reached skill level 5 in Invocations
 13421 | D:8      | Reached XP level 10. HP: 63/63 MP: 24/24
 13504 | D:8      | Found a snail-covered altar of Cheibriados.
 13813 | D:10     | Learned a level 5 spell: Agony
 14525 | D:10     | Reached skill level 10 in Necromancy
 15709 | D:10     | Reached skill level 5 in Dodging
 16403 | D:10     | Killed Urug
 16590 | D:10     | Found a staircase to the Orcish Mines.
 16818 | D:10     | Noticed a gargoyle
 16823 | D:10     | Reached XP level 11. HP: 51/68 MP: 25/25
 17140 | D:11     | Found a staircase to the Lair.
 17261 | D:11     | Found Qeseeb's Antique Armour Shop.
 17274 | D:11     | Bought a pair of ichor-stained gloves for 285 gold pieces
 17280 | D:11     | Identified the +2 pair of gloves of Qaevyox {rPois Stlth+}
                  | (You bought it in a shop on level 11 of the Dungeon)
 17297 | D:11     | Received a gift from Nemelex Xobeh
 17335 | D:11     | Reached *** piety under Nemelex Xobeh
 17483 | D:11     | HP: 1/68 [something (7)]
 18342 | Lair:1   | Entered Level 1 of the Lair of Beasts
 18449 | Lair:1   | Received a gift from Nemelex Xobeh
 18468 | Lair:1   | Noticed Gastronok
 18488 | Lair:1   | Killed Gastronok
 18490 | Lair:1   | Noticed a four-headed hydra
 18506 | Lair:1   | Killed a four-headed hydra
 18617 | Lair:1   | Noticed Fannar
 18639 | Lair:1   | Killed Fannar
 18640 | Lair:1   | Reached skill level 11 in Necromancy
 19791 | Lair:1   | Identified 2 scrolls of acquirement
 19793 | Lair:1   | Acquired a book of Fire
 19794 | Lair:1   | Acquired the ring of Qudeod {rF+ rC+ Str-2 Dex+2}
 19909 | Lair:1   | Received a gift from Nemelex Xobeh
 20430 | Lair:2   | Reached **** piety under Nemelex Xobeh
 20459 | Lair:2   | Received a gift from Nemelex Xobeh
 21222 | Lair:2   | Found a transporter.
 21419 | Lair:2   | Reached XP level 12. HP: 74/74 MP: 16/26
 22034 | Lair:2   | Found a transporter.
 22306 | Lair:3   | Learned a level 4 spell: Summon Ice Beast
 22339 | Lair:3   | Received a gift from Nemelex Xobeh
 22522 | Lair:3   | Found a staircase to the Shoals.
 22532 | Lair:3   | Reached skill level 1 in Ice Magic
 23678 | Lair:3   | Noticed Rupert
 23678 | Lair:3   | Paralysed by Rupert for 2 turns
 24074 | Lair:3   | Received a gift from Nemelex Xobeh
 24106 | Lair:3   | Noticed a catoblepas
 24327 | Lair:3   | Annihilated by Rupert

Illustrated notes

Levels and vault maps discovered:
D:1:      saegor_arrival_simple_e, layout_loops_corners, minmay_heptomino_w4
D:2:      layout_loops_ring
D:3:      layout_rooms, chequers_ecumenical_altar_simple_redux,
          minmay_misc_feat_rows
D:4:      layout_cave_pools, enter_ossuary_3, chequers_serial_rivers_room_b,
          minmay_manual_monstrance, uniq_natasha
D:5:      layout_cave_pools, old_standard_altar,
          riverfiend_overflow_shadow_ancestor, minmay_temple_entry_antechambers
D:6:      layout_cave_pools, minmay_crystal_water
D:7:      layout_basic, trog_ov_bears_minmay
D:8:      cheibrodos_quashed, layout_loops_cross, general_overflow_altar,
          basic_altar, uniq_prince_ribbit1
D:9:      layout_roguey, kennysheep_okawaru_gauntlet,
          gammafunk_temple_overflow_pools, old_standard_altar, serial_shops,
          nicolae_shop_waterfront, uniq_joseph
D:10:     layout_loops_corners, david_orc_1_choice, serial_shops,
          nicolae_shop_crystal, uniq_urug
D:11:     layout_gridville, david_lair_shrubbed, serial_shops,
          kennysheep_little_box, nicolae_shop_trees, shop, shop, shop_statue
Temple:   eino_temple_lava
Lair:1:   layout_cave_pods, serial_bayou_shore_a, uniq_fannar, uniq_gastronok
Lair:2:   gammafunk_cloud_chamber, layout_gridlike
Lair:3:   layout_big_grid, minmay_shoals_entry_hut, roderic_batcave,
          nzn_random_ring, minmay_lair_oklob_chamber, uniq_rupert

Skill      XL: |  1  2  3  4  5  6  7  8  9 10 11 12 |
---------------+-------------------------------------+-----
Spellcasting   | 3 4 5 6 9 10 | 10.7
Dodging        | 2 5 8 |  8.5
Shields        | 1 2 3 4 |  4.0
Necromancy     | 5 6 8 9 10 11 | 11.6
Invocations    | 2 5 6 8 9 |  9.3
Ice Magic      | 3 |  3.8
Stealth        | |  1.5

Action                   |  1- 3 |  4- 6 |  7- 9 | 10-12 || total
-------------------------+-------+-------+-------+-------++-------
Melee: Mace              |    19 |   142 |    93 |    51 ||   305
       Dagger            |    12 |    40 |    18 |       ||    70
       Morningstar       |       |       |       |    47 ||    47
Throw: Dart              |       |     1 |     7 |       ||     8
 Cast: Pain              |    70 |    59 |   223 |   173 ||   525
       Vampiric Draining |       |       |   104 |   255 ||   359
       Animate Dead      |       |       |     1 |    12 ||    13
       Agony             |       |       |       |    31 ||    31
Invok: Draw Summoning    |       |       |     2 |    12 ||    14
       Draw Destruction  |       |       |     1 |    13 ||    14
       Draw Escape       |       |       |       |     1 ||     1
Evoke: Wand              |       |     5 |     3 |       ||     8
  Use: Scroll            |     2 |       |    13 |    11 ||    26
 Stab: Sleeping          |     2 |     2 |     2 |       ||     6
       Distracted        |       |     1 |       |       ||     1
Armor: Robe              |    14 |    55 |    50 |    57 ||   176
Dodge: Dodged            |    41 |   142 |   214 |   230 ||   627
Block: Buckler           |       |    32 |    72 |   180 ||   284
       Reflection        |       |       |     1 |     2 ||     3

Table legend: (Time is in decaauts)
 A = Elapsed time spent in this place.
 B = Non-inter-level travel time spent in this place.
 C = Inter-level travel time spent in this place.
 D = Time resting spent in this place.
 E = Time spent auto-exploring this place.
 F = Levels seen in this place.
 G = Mean time per level.
                   A        B        C        D        E       F      G
               +--------+--------+--------+--------+--------+-----+--------+
         Total |  24529 |  23833 |    696 |   9866 |   9338 |  16 | 1533.1 |
       Dungeon |  17342 |  16813 |    529 |   7131 |   6567 |  11 | 1576.5 |
        Temple |     55 |     55 |      0 |      0 |     40 |   1 |   55.0 |
          Lair |   6051 |   5884 |    167 |   2201 |   2730 |   3 | 2017.0 |
       Ossuary |   1079 |   1079 |      0 |    534 |      0 |   1 | 1079.0 |
               +--------+--------+--------+--------+--------+-----+--------+

Top non-repeatable levels by time:
    D:10: 3550 daAuts
  Lair:1: 2307 daAuts
     D:4: 2032 daAuts
  Lair:3: 1909 daAuts
  Lair:2: 1833 daAuts
     D:9: 1813 daAuts
     D:8: 1782 daAuts
     D:7: 1561 daAuts
     D:1: 1461 daAuts
     D:6: 1460 daAuts
     D:5: 1273 daAuts
 Ossuary: 1079 daAuts
     D:3: 830 daAuts
    D:11: 792 daAuts
     D:2: 783 daAuts
